 Dungeon Crawl Stone Soup version 0.20.1-1-g8b1a95d (webtiles) character file.

5665 dohliylev the Covert (level 10, -10/74 HPs)
             Began as a Vampire Assassin on Dec 3, 2017.
             Was a Priest of Makhleb.
             Mangled by a hornet (15 damage)
             ... while paralysed by a hornet
             ... on level 8 of the Dungeon.
             The game lasted 00:43:06 (9365 turns).

dohliylev the Covert (Vampire Assassin)             Turns: 9365, Time: 00:43:07

Health: -10/74     AC:  6    Str: 10    XL:     10   Next: 47%
Magic:  10/10      EV:  2    Int: 14    God:    Makhleb [***...]
Gold:   380        SH:  0    Dex: 19    Spells: 9/9 levels left

rFire    + . .     SeeInvis +   A - +1 dagger (vamp)
rCold    x . .     Gourm    .   (no shield)
rNeg     . . .     Faith    .   H - +0 robe {MR+}
rPois    .         Spirit   .   e - +0 helmet
rElec    .         Reflect  .   d - +0 cloak
rCorr    .         Harm     .   F - +0 pair of gloves (curse)
MR       ++...                  i - +0 pair of boots
Stlth    +++++.....             (no amulet)
Regen    0.5/turn               v - ring of fire
MPRegen  0.2/turn               (no ring)

@: paralysed, lethally poisoned (-10 -> -14), regenerating quickly, slowed
A: fangs 3, see invisible, unbreathing
a: Minor Destruction, Lesser Servant of Makhleb, Renounce Religion


You were on level 8 of the Dungeon.
You worshipped Makhleb.
Makhleb was most pleased with you.
You were full.

You visited 2 branches of the dungeon, and saw 9 of its levels.

You collected 380 gold pieces.

Inventory:

Hand Weapons
 a - a +2 dagger of speed
 b - a +0 blowgun
 z - a +6 short sword
 A - a +1 vampiric dagger (weapon)
 G - a +1 dagger of venom
Missiles
 f - 2 curare-tipped needles
 p - 30 poisoned needles
Armour
 d - a +0 cloak (worn)
 e - a +0 helmet (worn)
 i - a +0 pair of boots (worn)
 F - a cursed +0 pair of gloves (worn)
 H - a +0 robe of magic resistance (worn)
Magical Staves
 y - an uncursed staff of death {unknown}
Jewellery
 v - a ring of fire (left hand)
Wands
 x - a wand of polymorph (5/24)
Scrolls
 c - a scroll of holy word {unknown}
 h - 5 scrolls of remove curse
 l - a scroll of blinking
 m - a scroll of enchant armour
 n - 3 scrolls of teleportation
 u - 2 scrolls of amnesia
 w - a scroll of fear
Potions
 g - a potion of mutation {unknown}
 j - a potion of degeneration {unknown}
 o - a potion of haste {unknown}
 q - 13 potions of blood
 r - 2 potions of heal wounds
 s - a potion of flight {unknown}
 t - a potion of agility {unknown}
 B - 2 potions of ambrosia
Books
 k - a book of Frost

   Spells                             Type                      Level
   a - Freeze                         Ice                          1
   b - Throw Frost                    Conjuration/Ice              2
   c - Ozocubu's Armour               Charms/Ice                   3
   d - Throw Icicle                   Conjuration/Ice              4
   e - Summon Ice Beast               Ice/Summoning                4
 E - a book of Changes

   Spells                             Type                      Level
   a - Beastly Appendage              Transmutation                1
   b - Sticks to Snakes               Transmutation                2
   c - Spider Form                    Transmutation/Poison         3
   d - Ice Form                       Ice/Transmutation            4
   e - Blade Hands                    Transmutation                5


   Skills:
 - Level 5.0 Fighting
 - Level 8.0 Short Blades
 - Level 1.5 Throwing
 + Level 11.8 Dodging
 - Level 12.0 Stealth
 + Level 1.0 Invocations


You had 9 spell levels left.
You didn't know any spells.

Dungeon Overview and Level Annotations

Branches:
Dungeon (8/15)             Temple (1/1) D:5
   Lair: D:8-11

Altars:
Ashenzari
Cheibriados
Dithmenos
Fedhas
Gozag
Hepliaklqana
Kikubaaqudgha
Makhleb
Nemelex Xobeh
Okawaru
Qazlal
Ru
Sif Muna
Trog
Uskayaw
Vehumet
Xom
Yredelemnul

Shops:
D:6 *


Innate Abilities, Weirdness & Mutations

Your natural rate of healing is unusually fast.
You have razor-sharp teeth.
You have supernaturally acute eyesight. (SInv)
You can survive without breathing.


Message History

You feel sick. The hornet misses you.
You completely miss the hornet.
The hornet is moderately wounded.
The hornet barely misses you.
You hit the hornet but do no damage.
The hornet is moderately wounded.
You feel sick. The hornet stings you.
You suddenly lose the ability to move!
The hornet stings you.
You feel as though you will be slow longer.
The hornet stings you!
You feel as though you will be slow longer.
You feel sick. The hornet stings you!
* * * LOW HITPOINT WARNING * * *
You shrug off the repeated paralysis!
The hornet stings you!
* * * LOW HITPOINT WARNING * * *
You are more poisoned.
You feel as though you will be slow longer.
* * * LOW HITPOINT WARNING * * *
You feel sick. The hornet stings you!
You die...

#....# ## ## #....##
#.#.## #.....#
##a#.######.....#####
#.#.##...............
##w#.#.####.#########
#.#a##.#..†.#
###y##.#....##
#..#@((#.....######
##.....#..........#
####..#(.........#
#..#..........#
######..#.....######
..............##
########..###.#
#.....#.# #.....#.#


You could see a soldier ant, a hornet and a worm.

Vanquished Creatures
  A two-headed ogre (D:4)
  A hornet (D:8)
  A hippogriff (D:6)
  7 wraiths (D:7)
  A wyvern (D:8)
  2 sky beasts (D:7)
  2 orc warriors (D:7)
  5 phantoms (D:4)
  2 centaurs (D:6)
  5 ogres
  The ghost of bmj180 the Cutter, an amateur HaFi (D:3)
  A bullfrog (D:6)
  A big kobold (D:5)
  A gnoll sergeant (D:7)
  2 scorpions
  4 killer bees (D:7)
  3 wights (D:7)
  2 howler monkeys
  A bullfrog zombie (D:6)
  4 crimson imps
  A centaur zombie (D:5)
  2 jellies
  6 hounds
  2 orc priests
  6 orc wizards
  A bullfrog skeleton (D:4)
  4 iguanas
  9 worker ants
  Robin (D:2)
  2 worker ant zombies
  9 adders
  3 gnolls (D:7)
  3 shadow imps
  A river rat (D:6)
  2 oozes
  An adder skeleton (D:4)
  3 worms
  7 dart slugs
  8 leopard geckos
  19 orcs
  A ball python (D:1)
  5 giant cockroaches
  18 goblins
  5 hobgoblins
  17 jackals
  28 kobolds
  7 quokkas
  8 bats
  3 frilled lizards
  6 rats
  A plant (D:5)
236 creatures vanquished.

Notes
Turn   | Place    | Note
-------+----------+-------------------------------------------
     0 | D:1      | dohliylev the Vampire Assassin began the quest for the Orb.
     0 | D:1      | Reached XP level 1. HP: 16/16 MP: 1/1
    34 | D:1      | Reached skill level 6 in Stealth
   200 | D:1      | Reached XP level 2. HP: 21/22 MP: 2/2
   413 | D:1      | Reached skill level 7 in Stealth
   755 | D:2      | Reached XP level 3. HP: 22/27 MP: 3/3
   783 | D:2      | Found a hazy altar of Hepliaklqana.
   902 | D:2      | Noticed Robin
   977 | D:2      | Reached skill level 8 in Stealth
  1194 | D:2      | Reached XP level 4. HP: 32/33 MP: 4/4
  1236 | D:2      | Killed Robin
  1444 | D:3      | Noticed a centaur
  1547 | D:2      | Reached skill level 9 in Stealth
  1834 | D:3      | Reached XP level 5. HP: 38/38 MP: 5/5
  1912 | D:3      | Reached skill level 10 in Stealth
  2260 | D:3      | Noticed bmj180's ghost (amateur HaFi)
  2601 | D:5      | Entered Level 5 of the Dungeon
  2758 | D:4      | Reached XP level 6. HP: 34/44 MP: 6/6
  3164 | D:4      | Noticed a two-headed ogre
  3391 | D:5      | Reached XP level 7. HP: 52/52 MP: 7/7
  3475 | D:5      | Found a staircase to the Ecumenical Temple.
  3488 | Temple   | Entered the Ecumenical Temple
  3497 | Temple   | Became a worshipper of Makhleb the Destroyer
  3842 | D:5      | Reached skill level 5 in Short Blades
  3979 | D:5      | Reached * piety under Makhleb
  4417 | D:5      | Reached skill level 5 in Dodging
  5147 | D:4      | Killed a two-headed ogre
  5147 | D:4      | Reached XP level 8. HP: 58/58 MP: 8/8
  5432 | D:4      | Found a hide-covered altar of Uskayaw.
  5479 | D:4      | Reached XP level 9. HP: 41/64 MP: 9/9
  6186 | D:3      | Killed bmj180's ghost
  6283 | D:6      | Found Veuhunot's Elemental Accessories.
  6357 | D:6      | Reached ** piety under Makhleb
  7330 | D:7      | Reached skill level 5 in Fighting
  7773 | D:7      | Found a deep blue altar of Sif Muna.
  7832 | D:6      | Reached skill level 10 in Dodging
  7960 | D:7      | Reached *** piety under Makhleb
  7997 | D:7      | Reached skill level 11 in Stealth
  8084 | D:7      | Reached skill level 1 in Invocations
  8084 | D:7      | Reached XP level 10. HP: 55/74 MP: 10/10
  8199 | D:7      | Found a sparkling altar of Nemelex Xobeh.
  8448 | D:7      | Found an ancient bone altar of Kikubaaqudgha.
  8555 | D:7      | Reached skill level 12 in Stealth
  9354 | D:8      | Paralysed by a hornet for 2 turns
  9362 | D:8      | Paralysed by a hornet for 3 turns
  9365 | D:8      | Mangled by a hornet

Skill      XL: |  1  2  3  4  5  6  7  8  9 10 |
---------------+-------------------------------+-----
Stealth        | 6 7 8 9 10 11 12 | 12.0
Fighting       | 2 3 5 |  5.0
Dodging        | 2 3 6 7 10 11 | 11.8
Short Blades   | 3 4 7 8 |  8.0
Invocations    | 1 |  1.0
Throwing       | |  1.5

Action                   |  1- 3 |  4- 6 |  7- 9 | 10-12 || total
-------------------------+-------+-------+-------+-------++-------
Melee: Dagger            |    94 |   221 |   591 |   164 ||  1070
       Bite              |    15 |    23 |   111 |    35 ||   184
       Short sword       |       |       |   184 |   116 ||   300
 Fire: Blowgun           |    11 |    23 |    56 |     6 ||    96
Invok: Minor Destruction |       |       |     1 |       ||     1
 Abil: End Transformatio |     1 |     1 |       |       ||     2
       Bat Form          |     1 |     1 |       |       ||     2
  Use: Potion            |     1 |     2 |     5 |     2 ||    10
       Scroll            |       |       |     8 |     5 ||    13
 Stab: Sleeping          |    10 |    19 |    26 |     7 ||    62
       Distracted        |       |       |     2 |     1 ||     3
  Eat: Corpse            |     7 |     7 |    21 |     2 ||    37
Armor: Robe              |    14 |    41 |    76 |    19 ||   150
Dodge: Dodged            |    47 |   133 |   356 |   200 ||   736
